AoeStats
← huko2019

Arabia

505718440Analyzed
2v2 RM · 21d ago on Sep 10, 2026· 45m 8s· 4 players
Game mode
Random Map
Map size
Medium (4 player)
Population
200
Speed
Normal
Resources
Standard
Victory
Conquest
Starting age
Dark Age
Ending age
Imperial Age
RankedLock teamsTeams togetherTeam positionsShared explorationLock speedFull tech treeHidden civsTurbo modeCheats
Victory
Defeat
🇩🇪 Franks · Germany
1000
+17
🇦🇹 Ethiopians · Austria
998
+17
🇪🇸 Vietnamese · Spain
1036
-18
🇫🇷 Teutons · France
1000
-30
Frere__Jaques
7:50 Loom
10:07 Feudal Age
10:42 Double-Bit Axe
22:04 Castle Age
22:51 Scale Barding Armor
22:57 Forging
24:24 Bow Saw
25:13 Chain Barding Armor
25:31 Iron Casting
35:56 Light Cavalry
39:22 Wheelbarrow
41:33 Imperial Age
42:39 Cavalier
43:19 Husbandry
45:00 Plate Barding Armor
44:23 Gold Mining
45:13 Hand Cart
46:04 Chemistry
45:25 Ballistics
45:23 Masonry
45:09 Murder Holes
huko2019
8:48 Loom
11:55 Feudal Age
13:26 Double-Bit Axe
15:19 Gold Mining
20:13 Castle Age
20:20 Crossbowman
21:26 Padded Archer Armor
21:25 Fletching
23:35 Bow Saw
25:06 Wheelbarrow
25:04 Bodkin Arrow
29:30 Leather Archer Armor
32:26 Gold Shaft Mining
33:04 Thumb Ring
38:04 Hand Cart
40:32 Imperial Age
41:13 Arbalester
42:35 Ballistics
45:29 Chemistry
cryrix94
7:12 Loom
9:10 Loom
10:55 Feudal Age
17:44 Castle Age
16:10 Horse Collar
16:43 Double-Bit Axe
20:27 Squires
24:57 Wheelbarrow
28:54 Hand Cart
28:25 Town Watch
29:14 Scale Mail Armor
29:25 Forging
30:16 Arson
32:29 Chain Mail Armor
32:49 Iron Casting
32:15 Fletching
35:55 Imperial Age
38:27 Gold Mining
39:28 Plate Mail Armor
39:34 Iron Casting
38:56 Bodkin Arrow
42:20 Conscription
42:26 Ironclad
46:28 Blast Furnace
Kikips93
10:54 Feudal Age
11:20 Double-Bit Axe
16:07 Horse Collar
17:36 Fletching
19:59 Wheelbarrow
19:19 Gold Mining
20:00 Loom
24:35 Castle Age
23:42 Town Watch
24:53 Bloodlines
24:36 Crossbowman
25:51 Bow Saw
26:13 Light Cavalry
28:45 Bodkin Arrow
30:01 Hand Cart
32:53 Thumb Ring
33:14 Heavy Plow
33:07 Stone Mining
34:25 Ballistics
38:19 Imperial Age
Connection lost

Rejoining the realm…

Still unreachable

The connection could not be restored.

Session expired

The server has moved on; the page needs a fresh start.